[Event "December 12 Early 2023"]
[Site "https://www.chess.com"]
[Date "2023.12.12"]
[Round "3"]
[White "Filippova, Margarita"]
[Black "Guerrero Olmos, Sergio"]
[Result "0-1"]
[Board "185"]
[TimeControl "180+1"]
[WhiteFideId "34199680"]
[BlackFideId "2257238"]
[WhiteElo "2331"]
[BlackElo "2512"]
[WhiteTeam "RUS"]
[BlackTeam "ESP"]
[WhiteClock "0:00:31"]
[BlackClock "0:00:45"]

1. e4 e5 2. Nf3 d6 3. d4 Nd7 4. Nc3 Ngf6 5. h3 Be7 6. Bc4 O-O 7. O-O c6 8. a4 Qc7 9. Be3 b6 10. Re1 Bb7 11. Qd2 a6 12. dxe5 dxe5 13. Rad1 b5 14. Bd3 b4 15. Ne2 c5 16. b3 Rfd8 17. Ng3 Nb6 18. Qe2 a5 19. Bg5 Ne8 20. Bxe7 Qxe7 21. Nf5 Qc7 22. Bc4 Nxc4 23. Qxc4 Rxd1 24. Rxd1 Nf6 25. Nd2 Ba6 26. f3 Bxc4 27. Nxc4 Ne8 28. Nfe3 Rd8 29. Nd5 Qb8 30. Kf2 f6 31. Ne7+ Kf7 32. Nc6 Rxd1 33. Nxb8 Rc1 34. Ne3 Nd6 35. Nc6 Ke6 36. Nxa5 f5 37. exf5+ Nxf5 38. Nac4 Nd4 39. a5 Nxc2 40. Ng4 Nd4 41. Ngxe5 Nxb3 42. f4 Ra1 43. Nd3 Kd5 44. Ndb2 Nxa5 45. Nb6+ Kc6 46. N6a4 Kb5 0-1

[Event "December 12 Early 2023"]
[Site "https://www.chess.com"]
[Date "2023.12.12"]
[Round "3"]
[White "Erzhanov, Arman"]
[Black "Zhuk, Valeriy"]
[Result "1-0"]
[Board "186"]
[TimeControl "180+1"]
[WhiteFideId "4138821"]
[BlackFideId "24151254"]
[WhiteElo "2511"]
[BlackElo "2327"]
[WhiteTeam "KAZ"]
[BlackTeam "RUS"]
[WhiteClock "0:01:22"]
[BlackClock "0:00:00"]

1. e4 e6 2. b3 c5 3. Bb2 Nc6 4. Bb5 Qc7 5. Nf3 a6 6. Be2 b5 7. O-O Bb7 8. a4 b4 9. d3 Nf6 10. Nbd2 d5 11. exd5 exd5 12. Re1 Be7 13. Bf1 O-O 14. Ne5 d4 15. Ndc4 Nxe5 16. Rxe5 Rfe8 17. Qd2 Bd6 18. Rxe8+ Rxe8 19. Nxd6 Qxd6 20. Re1 Rxe1 21. Qxe1 h6 22. h3 Kh7 23. Bc1 g5 24. Qd2 Kg6 25. Qe2 Bc6 26. Qe1 Nd5 27. Qe4+ f5 28. Qe1 Nf6 29. Be2 h5 30. Qd1 g4 31. hxg4 hxg4 32. Bf1 Qd5 33. Qd2 Kf7 34. Qg5 Bd7 35. Qh4 Qe5 36. Bg5 a5 37. Qh8 Qd6 38. Bh6 g3 39. Qg7+ Ke6 40. fxg3 Ng4 41. Bf4 1-0

[Event "December 12 Early 2023"]
[Site "https://www.chess.com"]
[Date "2023.12.12"]
[Round "3"]
[White "De Arruda, Leandro Formes"]
[Black "Tikhonov, Viacheslav"]
[Result "0-1"]
[Board "187"]
[TimeControl "180+1"]
[WhiteFideId "22722009"]
[BlackFideId "44196407"]
[WhiteElo "2324"]
[BlackElo "2510"]
[WhiteTeam "BRA"]
[BlackTeam "RUS"]
[WhiteClock "0:00:54"]
[BlackClock "0:00:13"]

1. d4 Nf6 2. Nf3 g6 3. c4 Bg7 4. Nc3 d5 5. cxd5 Nxd5 6. e3 O-O 7. Be2 c5 8. Nxd5 Qxd5 9. dxc5 Qxc5 10. O-O Nc6 11. Qb3 Na5 12. Qb5 Qxb5 13. Bxb5 a6 14. Be2 Nc6 15. e4 Rd8 16. Rb1 Nb4 17. a3 Nd3 18. Bxd3 Rxd3 19. Be3 Bg4 20. Nd2 Rad8 21. Nc4 b5 22. Na5 Rc8 23. b3 Rc2 24. Rfc1 Rxc1+ 25. Rxc1 Bb2 26. Rb1 Bxa3 27. h3 Rd1+ 28. Rxd1 Bxd1 29. Bd2 Bc2 30. f3 Bd3 31. Kf2 Bc5+ 32. Ke1 Kf8 33. b4 Bb6 34. Nb3 Ke8 35. Nc1 Bc4 36. Ne2 Bxe2 37. Kxe2 Kd7 38. Kd3 Kc6 39. Bc3 e6 40. g4 Bc7 41. Kd4 Bd6 42. Kd3 Kb6 43. Kd4 a5 44. bxa5+ Ka6 45. e5 Be7 46. Bd2 b4 47. Kc4 Kxa5 48. Kb3 Kb5 49. Bc1 Bc5 50. Bb2 Be3 51. Kc2 Kc5 52. Kb3 Bd4 53. Bc1 Bxe5 54. Be3+ Kb5 55. Bd2 Bd6 56. h4 Bc5 57. h5 g5 58. Bxg5 Kc6 59. Bf6 Kd5 60. h6 Be3 61. Bg7 Bd2 62. Bf6 Be1 63. g5 e5 64. Bg7 e4 65. fxe4+ Kxe4 66. Bf6 Kf5 67. Be7 Bd2 68. Kc4 Bxg5 69. Bxb4 Bxh6 70. Kd3 Kg4 71. Ke2 Kg3 72. Kf1 Be3 73. Bd6+ Kf3 74. Bh2 h5 75. Be5 h4 76. Bh2 h3 77. Ke1 Kg2 78. Be5 h2 79. Bxh2 Kxh2 80. Ke2 Bg5 81. Kf3 f5 82. Kf2 Kh3 83. Kf3 Kh4 84. Kg2 Kg4 85. Kh2 Kf3 86. Kg1 Kg3 87. Kf1 Be3 88. Ke1 f4 89. Ke2 f3+ 90. Kf1 f2 91. Ke2 Kg2 92. Kxe3 f1=Q 0-1

[Event "December 12 Early 2023"]
[Site "https://www.chess.com"]
[Date "2023.12.12"]
[Round "3"]
[White "Rangel, Daniel"]
[Black "Dubreuil, Julien"]
[Result "1-0"]
[Board "188"]
[TimeControl "180+1"]
[WhiteFideId "2124475"]
[BlackFideId "621285"]
[WhiteElo "2502"]
[BlackElo "2321"]
[WhiteTeam "BRA"]
[BlackTeam "FRA"]
[WhiteClock "0:00:04"]
[BlackClock "0:00:16"]

1. e4 e5 2. Nf3 Nc6 3. Bc4 Nf6 4. d3 Be7 5. O-O d6 6. c3 O-O 7. a4 Be6 8. Bxe6 fxe6 9. Qb3 Qc8 10. Ng5 Nd8 11. Nd2 h6 12. Ngf3 Nh5 13. Qd1 Nc6 14. Re1 Qe8 15. Nf1 Qg6 16. Ng3 Nf4 17. b4 Rf7 18. b5 Na5 19. c4 Raf8 20. Bd2 Nxg2 21. Kxg2 Rxf3 22. Bxa5 Rxf2+ 23. Kg1 Bh4 24. Qh5 Qf6 25. Qg4 Rf4 26. Qh3 Qg5 27. Bd2 Bxg3 28. hxg3 Qg6 29. Bxf4 exf4 30. Rf1 f3 31. Rf2 Qf6 32. Raf1 Qd4 33. Qxe6+ Kh8 34. Qg4 Qe3 35. Kh2 Rf6 36. Rxf3 Qe2+ 37. Kh3 h5 38. Qxh5+ Rh6 39. Qxh6+ gxh6 40. Rf8+ Kg7 41. R1f7+ Kg6 42. Rf6+ Kg7 43. R8f7+ Kg8 44. Rf8+ Kg7 45. R6f7+ Kg6 46. Rf3 Qd1 47. R8f6+ Kg7 48. Kg4 Qxa4 49. Rf7+ Kg8 50. Rf8+ Kg7 51. Kh5 Qd1 52. Rf7+ Kg8 53. Kg6 1-0

[Event "December 12 Early 2023"]
[Site "https://www.chess.com"]
[Date "2023.12.12"]
[Round "3"]
[White "Franchini, Gabriele"]
[Black "Baches Garcia, Guillermo"]
[Result "1-0"]
[Board "189"]
[TimeControl "180+1"]
[WhiteFideId "806790"]
[BlackFideId "2209764"]
[WhiteElo "2319"]
[BlackElo "2497"]
[WhiteTeam "ITA"]
[BlackTeam "ESP"]
[WhiteClock "0:00:08"]
[BlackClock "0:00:15"]

1. e4 d5 2. exd5 Qxd5 3. Nf3 Bg4 4. Be2 Nc6 5. h3 Bh5 6. d4 O-O-O 7. c4 Qd7 8. d5 Bxf3 9. Bxf3 Ne5 10. O-O e6 11. Bf4 Nxf3+ 12. Qxf3 exd5 13. Nc3 Nf6 14. Nb5 Bd6 15. Bxd6 cxd6 16. Nxa7+ Kb8 17. Nb5 dxc4 18. a4 Qc6 19. Qf4 Rhe8 20. Rfc1 Re4 21. Qg3 Nh5 22. Qc3 Qc5 23. Qa5 Rde8 24. b4 Qd5 25. Qc7+ Ka8 26. Qa5+ Kb8 27. Qc7+ Ka8 28. Nxd6 R8e7 29. Qd8+ Ka7 30. Rd1 Qc6 31. b5 Qc5 32. Nxe4 Rxe4 33. Qa5+ Kb8 34. Rd8+ Qc8 35. Rxc8+ Kxc8 36. Rc1 Re8 37. Qa8+ Kd7 38. Rd1+ Ke7 39. Re1+ Kf8 40. Qxe8# 1-0

[Event "December 12 Early 2023"]
[Site "https://www.chess.com"]
[Date "2023.12.12"]
[Round "3"]
[White "Kraiouchkine, Nikita"]
[Black "Eggleston, Thomas A"]
[Result "1-0"]
[Board "190"]
[TimeControl "180+1"]
[WhiteFideId "2607140"]
[BlackFideId "412139"]
[WhiteElo "2492"]
[BlackElo "2315"]
[WhiteTeam "CAN"]
[BlackTeam "ENG"]
[WhiteClock "0:01:32"]
[BlackClock "0:02:01"]

1. e4 e6 2. d4 d5 3. e5 c5 4. c3 Nc6 5. Nf3 Qb6 6. a3 f6 7. b4 fxe5 8. dxe5 c4 9. Be3 Qc7 10. Bd4 Nxd4 11. Qxd4 a5 12. Nbd2 axb4 13. cxb4 Bxb4 14. axb4 Rxa1+ 15. Qxa1 Nh6 16. Be2 O-O 17. O-O c3 18. Rc1 d4 19. Nxd4 Qxe5 20. Qxc3 Bd7 21. N2f3 Qd5 22. Bc4 Qe4 23. Re1 Qg6 24. Nxe6 Bxe6 25. Rxe6 Qb1+ 26. Re1+ 1-0

[Event "December 12 Early 2023"]
[Site "https://www.chess.com"]
[Date "2023.12.12"]
[Round "3"]
[White "Cervantes Landeiro, Thalia"]
[Black "Adamczyk, Zuzanna"]
[Result "0-1"]
[Board "191"]
[TimeControl "180+1"]
[WhiteFideId "3520498"]
[BlackFideId "1187570"]
[WhiteElo "2491"]
[BlackElo "2313"]
[WhiteTeam "USA"]
[BlackTeam "POL"]
[WhiteClock "0:00:00"]
[BlackClock "0:00:06"]

1. d4 Nf6 2. c4 e6 3. Nf3 b6 4. g3 Bb7 5. Bg2 Bb4+ 6. Bd2 a5 7. O-O O-O 8. Bg5 Be7 9. Nc3 Ne4 10. Bxe7 Qxe7 11. Qc2 Nxc3 12. Qxc3 f5 13. b3 d6 14. a3 Nd7 15. b4 Be4 16. Rac1 axb4 17. axb4 c5 18. dxc5 bxc5 19. b5 Nb6 20. Ra1 Qf6 21. Qxf6 gxf6 22. Nd2 Bxg2 23. Kxg2 f4 24. gxf4 d5 25. Nb3 dxc4 26. Nxc5 Kf7 27. Kf3 Rfc8 28. Ne4 Ke7 29. Nc3 Nd5 30. Nxd5+ exd5 31. Ke3 Kd6 32. Kd4 Re8 33. e3 Re4+ 34. Kc3 Rxa1 35. Rxa1 Kc5 36. Rd1 Re6 37. Rd4 f5 38. Rd1 Rh6 39. f3 Rh3 40. Rf1 Rxh2 41. e4 fxe4 42. Rd1 exf3 43. f5 f2 44. f6 Rh3+ 45. Kd2 Rf3 46. Ke2 Rxf6 47. Rb1 f1=Q+ 48. Rxf1 Rxf1 49. Kxf1 Kxb5 0-1

[Event "December 12 Early 2023"]
[Site "https://www.chess.com"]
[Date "2023.12.12"]
[Round "3"]
[White "Silvestre, Christian"]
[Black "Shukhman, Anna"]
[Result "1-0"]
[Board "192"]
[TimeControl "180+1"]
[WhiteFideId "30956269"]
[BlackFideId "54180058"]
[WhiteElo "2309"]
[BlackElo "2489"]
[WhiteTeam "USA"]
[BlackTeam "FID"]
[WhiteClock "0:00:12"]
[BlackClock "0:00:32"]

1. e4 Nf6 2. e5 Nd5 3. c4 Nb6 4. b3 g6 5. Bb2 Bg7 6. d4 d6 7. exd6 cxd6 8. Be2 O-O 9. Nf3 Nc6 10. h3 e5 11. dxe5 dxe5 12. O-O e4 13. Bxg7 Qxd1 14. Bxd1 Kxg7 15. Ne1 f5 16. Nc3 Be6 17. f3 e3 18. f4 Nd4 19. Nf3 Rad8 20. Re1 Nxf3+ 21. Bxf3 Rd3 22. Nd1 Rfd8 23. Nxe3 Bc8 24. Nd5 Nxd5 25. Bxd5 Kf6 26. Rad1 Rxd1 27. Rxd1 b6 28. Kf2 h6 29. g3 g5 30. Re1 Bd7 31. h4 gxf4 32. gxf4 Rc8 33. h5 b5 34. Rg1 Be8 35. Rg8 bxc4 36. bxc4 Rb8 37. Ke3 Rb1 38. Kd4 Bxh5 39. Rf8+ Ke7 40. Rxf5 Bg6 41. Re5+ Kf6 42. Re6+ Kg7 43. Rxg6+ Kxg6 44. Be4+ 1-0

[Event "December 12 Early 2023"]
[Site "https://www.chess.com"]
[Date "2023.12.12"]
[Round "3"]
[White "Kovalevsky, Stanislav"]
[Black "Petrova, Irina"]
[Result "1-0"]
[Board "193"]
[TimeControl "180+1"]
[WhiteFideId "13508598"]
[BlackFideId "14124122"]
[WhiteElo "2478"]
[BlackElo "2304"]
[WhiteTeam "FID"]
[BlackTeam "UKR"]
[WhiteClock "0:00:50"]
[BlackClock "0:00:34"]

1. e4 d6 2. c4 Nf6 3. Nc3 e5 4. g3 Nc6 5. Bg2 Nd4 6. h3 Be7 7. Nge2 Nxe2 8. Nxe2 O-O 9. O-O Be6 10. d3 c6 11. f4 Qc8 12. Kh2 b5 13. f5 Bd7 14. g4 h6 15. Ng3 Rd8 16. h4 d5 17. g5 hxg5 18. hxg5 Nh7 19. Qh5 dxc4 20. f6 g6 21. Qh4 Bf8 22. Rh1 Bg4 23. Kg1 Bc5+ 24. Kf1 Kf8 25. Qxh7 Ke8 26. Qg8+ Bf8 27. Qxf8+ Kxf8 28. Rh8# 1-0

[Event "December 12 Early 2023"]
[Site "https://www.chess.com"]
[Date "2023.12.12"]
[Round "3"]
[White "Shapiro, Daniel"]
[Black "Kukreja Sankalp"]
[Result "1-0"]
[Board "194"]
[TimeControl "180+1"]
[WhiteFideId "2001780"]
[BlackFideId "45027676"]
[WhiteElo "2303"]
[BlackElo "2470"]
[WhiteTeam "USA"]
[BlackTeam "IND"]
[WhiteClock "0:00:20"]
[BlackClock "0:00:09"]

1. d4 d5 2. c4 c6 3. Nf3 Nf6 4. Qb3 dxc4 5. Qxc4 Bf5 6. Nc3 Nbd7 7. Qb3 Qb6 8. Nd2 e5 9. Qxb6 axb6 10. dxe5 Nxe5 11. e4 Be6 12. f4 Neg4 13. Nc4 Bb4 14. h3 Nxe4 15. hxg4 Nxc3 16. Bd2 Nd5 17. f5 Bd7 18. Bxb4 Nxb4 19. O-O-O Rxa2 20. Kb1 c5 21. Nxb6 Bc6 22. Bc4 O-O 23. Bxa2 1-0

[Event "December 12 Early 2023"]
[Site "https://www.chess.com"]
[Date "2023.12.12"]
[Round "3"]
[White "Kochiev, Ivan"]
[Black "Schut, Han"]
[Result "1-0"]
[Board "195"]
[TimeControl "180+1"]
[WhiteFideId "2917890"]
[BlackFideId "1005561"]
[WhiteElo "2469"]
[BlackElo "2301"]
[WhiteTeam "BUL"]
[BlackTeam "NED"]
[WhiteClock "0:00:04"]
[BlackClock "0:00:00"]

1. e4 c5 2. Nf3 d6 3. d4 cxd4 4. Nxd4 Nf6 5. f3 e5 6. Nb3 d5 7. Bg5 Be6 8. Bxf6 gxf6 9. exd5 Qxd5 10. Qxd5 Bxd5 11. Nc3 Bb4 12. O-O-O Bc6 13. Nd5 Bxd5 14. Rxd5 Nc6 15. c3 Be7 16. Bb5 Rc8 17. Na5 a6 18. Ba4 b5 19. Rxb5 axb5 20. Bxb5 Kd7 21. Rd1+ Bd6 22. b4 Rc7 23. a4 Rb8 24. Nc4 Rxb5 25. axb5 Nxb4 26. Rxd6+ Ke7 27. b6 Rxc4 28. b7 Rxc3+ 29. Kb2 Rc2+ 30. Kb3 Rc1 31. b8=Q Rb1+ 32. Ka4 Ra1+ 33. Kb5 Rb1 34. Qc7+ Kf8 35. Rd8+ Kg7 36. Qc4 Nd5+ 37. Kc6 Nf4 38. Qe4 Rc1+ 39. Kb5 Rc7 40. g3 Ne6 41. Qg4+ 1-0

[Event "December 12 Early 2023"]
[Site "https://www.chess.com"]
[Date "2023.12.12"]
[Round "3"]
[White "Tuleyeva-Aketayeva, Dana"]
[Black "Aalto, Patrik"]
[Result "1/2-1/2"]
[Board "196"]
[TimeControl "180+1"]
[WhiteFideId "13701932"]
[BlackFideId "510726"]
[WhiteElo "2297"]
[BlackElo "2462"]
[WhiteTeam "KAZ"]
[BlackTeam "FIN"]
[WhiteClock "0:00:03"]
[BlackClock "0:00:05"]

1. d4 Nf6 2. Nf3 d5 3. g3 g6 4. Bg2 Bg7 5. O-O O-O 6. c3 c5 7. dxc5 a5 8. Be3 Na6 9. Bd4 Qc7 10. Bxf6 Bxf6 11. Qxd5 Nxc5 12. Nd4 Rd8 13. Qc4 Qb6 14. Nb3 Na6 15. Na3 Be6 16. Qb5 Qxb5 17. Nxb5 a4 18. N3d4 Bd5 19. e4 Bc4 20. Rfd1 e5 21. Na3 exd4 22. Nxc4 dxc3 23. bxc3 Bxc3 24. Rac1 Rxd1+ 25. Rxd1 b5 26. e5 Rb8 27. Na5 b4 28. Nc6 Re8 29. f4 b3 30. axb3 axb3 31. Bd5 b2 32. Rb1 Nc5 33. Kf1 Kf8 34. Ke2 Ra8 35. Kd1 Ra1 36. Kc2 Rxb1 37. Kxb1 Nd3 38. Bc4 Ne1 39. h3 Nf3 40. Kc2 Ng1 41. Ba2 Nxh3 42. Kxc3 Nf2 43. Kxb2 Ne4 44. g4 Nf2 45. g5 Nd3+ 46. Kc3 Nxf4 47. Kd4 Nh3 48. Ke4 Nxg5+ 49. Kf4 h6 50. Nd4 Ke7 51. Nf3 Nh3+ 52. Kg3 Ng5 53. Nxg5 hxg5 54. Kg4 f6 55. e6 Kf8 56. Kf3 Ke7 57. Ke4 Kd6 58. Bc4 f5+ 59. Kd4 g4 60. Ke3 g5 61. Kf2 f4 62. Bb3 Ke7 63. Ba2 Kd6 64. Kg2 Ke7 65. Kf2 Kd6 66. Bb3 Ke7 67. Bc4 Kd6 68. Bb3 1/2-1/2

[Event "December 12 Early 2023"]
[Site "https://www.chess.com"]
[Date "2023.12.12"]
[Round "3"]
[White "Kuznetsova, Olga"]
[Black "Antonio, Jorge Carlos"]
[Result "0-1"]
[Board "197"]
[TimeControl "180+1"]
[WhiteFideId "4191323"]
[BlackFideId "113190"]
[WhiteElo "2461"]
[BlackElo "2293"]
[WhiteTeam "RUS"]
[BlackTeam "ARG"]
[WhiteClock "0:00:34"]
[BlackClock "0:00:19"]

1. d4 d5 2. Bf4 c6 3. e3 Nf6 4. Nd2 Qb6 5. c4 Qxb2 6. Rb1 Qxa2 7. Ra1 Qb2 8. Ngf3 Qb6 9. Bd3 e6 10. O-O Qd8 11. Qb3 Bd6 12. Bxd6 Qxd6 13. c5 Qc7 14. e4 dxe4 15. Nxe4 Nxe4 16. Bxe4 Nd7 17. Rfe1 O-O 18. Qe3 b5 19. Qg5 Nf6 20. Ne5 Nxe4 21. Rxe4 f6 22. Qg4 fxe5 23. Rxe5 Rf6 24. h4 Bd7 25. h5 h6 26. Rae1 Re8 27. Qe4 a5 28. g4 Ref8 29. g5 Rf4 30. Qg6 Rg4+ 31. Kf1 Rxg5 32. Rxg5 hxg5 33. h6 Be8 34. Qxe6+ Qf7 35. hxg7 Kxg7 36. Qe5+ Qf6 37. Qg3 Qf4 38. Qg2 Qf3 39. Qxg5+ Bg6 40. Re7+ Rf7 41. Qe5+ Qf6 42. Rxf7+ Bxf7 43. Qg3+ Bg6 44. Qc7+ Kh6 45. Qxa5 Bd3+ 46. Ke1 Qe6+ 47. Kd2 Qe2+ 48. Kc3 Qe1+ 0-1

[Event "December 12 Early 2023"]
[Site "https://www.chess.com"]
[Date "2023.12.12"]
[Round "3"]
[White "Kotyk, Michael"]
[Black "Rodriguez Santiago, Jaime"]
[Result "1-0"]
[Board "198"]
[TimeControl "180+1"]
[WhiteFideId "16214501"]
[BlackFideId "3100898"]
[WhiteElo "2459"]
[BlackElo "2275"]
[WhiteTeam "GER"]
[BlackTeam "PUR"]
[WhiteClock "0:01:00"]
[BlackClock "0:01:03"]

1. e4 c6 2. Nf3 d5 3. d3 dxe4 4. dxe4 Qxd1+ 5. Kxd1 Bg4 6. Nd2 Nd7 7. h3 Bh5 8. c3 Ngf6 9. Bd3 Rd8 10. Bc2 Ne5 11. Ke2 e6 12. g4 Nxf3 13. Nxf3 Bg6 14. Nd2 Bd6 15. f3 O-O 16. Nc4 Bb8 17. a4 Rfe8 18. Be3 Nd7 19. Rhd1 f6 20. a5 Bf7 21. Nd6 Bxd6 22. Rxd6 a6 23. Rad1 Kf8 24. Rxd7 1-0

[Event "December 12 Early 2023"]
[Site "https://www.chess.com"]
[Date "2023.12.12"]
[Round "3"]
[White "YurasovMat-2012"]
[Black "Nasybullina, Alfia"]
[Result "0-1"]
[Board "199"]
[TimeControl "180+1"]
[BlackFideId "4132416"]
[WhiteElo "2457"]
[BlackElo "2274"]
[BlackTeam "KAZ"]
[WhiteClock "0:01:24"]
[BlackClock "0:01:08"]

1. e4 c6 2. Nf3 d5 3. d3 dxe4 4. dxe4 Qxd1+ 5. Kxd1 Nf6 6. Nc3 Bg4 7. e5 Bxf3+ 8. gxf3 Nd5 9. Nxd5 cxd5 10. f4 e6 11. c4 dxc4 12. Bxc4 Nc6 13. Be3 Be7 14. Ke2 O-O 15. h4 h5 16. Rad1 Rfd8 17. a3 g6 18. b4 Rxd1 19. Rxd1 Rd8 20. Rxd8+ Bxd8 21. Bb5 a6 22. Bd3 Bxh4 23. Be4 Be7 24. Kd3 Kf8 25. Kc4 b5+ 26. Kd3 Nd8 27. Kc3 h4 28. Kb3 h3 29. a4 h2 30. axb5 axb5 31. Bc5 Ke8 32. Kc3 Bh4 33. Kd3 Kd7 34. Ke2 Nc6 35. Kf1 g5 36. fxg5 Bxg5 37. Kg2 Nxe5 38. Kxh2 Be7 39. Kg3 f5 40. Bg2 Bd6 41. Bf1 Bxc5 42. bxc5 Kc6 43. Kf4 Nc4 44. Kg5 Kxc5 45. Kf6 Kd6 46. f4 Na3 47. Bd3 b4 0-1

[Event "December 12 Early 2023"]
[Site "https://www.chess.com"]
[Date "2023.12.12"]
[Round "3"]
[White "Kiremitciyan, Ari"]
[Black "Mejia, Cherry Ann"]
[Result "1-0"]
[Board "200"]
[TimeControl "180+1"]
[WhiteFideId "6373445"]
[BlackFideId "5206880"]
[WhiteElo "2453"]
[BlackElo "2271"]
[WhiteTeam "TUR"]
[BlackTeam "PHI"]
[WhiteClock "0:00:07"]
[BlackClock "0:00:00"]

1. e4 c5 2. Nf3 Nc6 3. Bb5 Qb6 4. Bxc6 Qxc6 5. d3 d5 6. Nc3 dxe4 7. dxe4 Bg4 8. h3 Rd8 9. Qe2 Bh5 10. g4 Bg6 11. Ne5 Qa6 12. Qxa6 bxa6 13. Be3 e6 14. Ke2 Nf6 15. f3 Bd6 16. Nc4 Be7 17. Rhd1 O-O 18. Rxd8 Rxd8 19. Rd1 Rb8 20. b3 h6 21. Na4 Bxe4 22. fxe4 Nxe4 23. Rd7 Kf8 24. Rxa7 f5 25. Ne5 Re8 26. Ng6+ Kf7 27. Rxe7+ Rxe7 28. Nxe7 Kxe7 29. Nxc5 Nc3+ 30. Kf3 a5 31. a4 Nd5 32. Nb7 g5 33. Nxa5 f4 34. Bc5+ Kd7 35. Nc4 Kc6 36. b4 Nc3 37. Ne5+ Kd5 38. Nf7 e5 39. Nxe5 Kxe5 40. a5 Kd5 41. a6 Kc6 42. Bf8 Nb5 43. Bxh6 Nd4+ 44. Ke4 Nxc2 45. Bxg5 Nxb4 46. a7 Kb7 47. Bxf4 Kxa7 48. g5 Nc6 49. g6 Ne7 50. g7 Kb7 51. Bg5 Ng8 52. Kd5 Kc8 53. Ke6 Kc7 54. Kf7 Kd7 55. Kxg8 Ke6 56. Kf8 Kf5 57. g8=Q Ke4 58. Qf7 1-0

[Event "December 12 Early 2023"]
[Site "https://www.chess.com"]
[Date "2023.12.12"]
[Round "3"]
[White "Pak, Yevgeniy"]
[Black "Minina, Veronika"]
[Result "1-0"]
[Board "201"]
[TimeControl "180+1"]
[WhiteFideId "14201712"]
[BlackFideId "4174780"]
[WhiteElo "2451"]
[BlackElo "2246"]
[WhiteTeam "KAZ"]
[BlackTeam "RUS"]
[WhiteClock "0:00:40"]
[BlackClock "0:00:03"]

1. e4 c5 2. c3 Nf6 3. e5 Nd5 4. d4 cxd4 5. Nf3 Nc6 6. cxd4 d6 7. Bc4 Nb6 8. Bb3 dxe5 9. Nxe5 Nxe5 10. dxe5 Qxd1+ 11. Bxd1 Bd7 12. Bf3 Rc8 13. Nc3 Bc6 14. Bxc6+ Rxc6 15. Be3 e6 16. Bxb6 Rxb6 17. O-O-O Bb4 18. Ne4 O-O 19. Rd7 Rc8+ 20. Kb1 Ba3 21. b3 Rbc6 22. Rdd1 Rc2 23. Rd8+ Rxd8 24. Kxc2 Rd5 25. f4 Rd4 26. Re1 Bb4 27. Re2 Kf8 28. Kb2 Ke8 29. a3 Be7 30. Kc3 Rd1 31. a4 a5 32. Kc4 Bb4 33. Re3 h6 34. Kb5 Kd7 35. Kb6 Kc8 36. Re2 Kb8 37. Rc2 Rd3 38. Rc7 Rxb3 39. Rxb7+ Kc8 40. Rxf7 Be1+ 41. Kc6 Kb8 42. Nc5 Rc3 43. Kb6 Kc8 1-0

[Event "December 12 Early 2023"]
[Site "https://www.chess.com"]
[Date "2023.12.12"]
[Round "3"]
[White "Mazurkiewicz, Michal"]
[Black "Player, Edmund C"]
[Result "0-1"]
[Board "202"]
[TimeControl "180+1"]
[WhiteFideId "1124943"]
[BlackFideId "406520"]
[WhiteElo "2442"]
[BlackElo "2243"]
[WhiteTeam "POL"]
[BlackTeam "ENG"]
[WhiteClock "0:00:04"]
[BlackClock "0:00:07"]

1. e4 c6 2. d3 g6 3. g3 Bg7 4. Bg2 d5 5. Nd2 Nf6 6. Ngf3 dxe4 7. dxe4 O-O 8. e5 Nd5 9. O-O Bg4 10. h3 Bxf3 11. Nxf3 Nd7 12. c4 N5b6 13. Qe2 e6 14. Bg5 Qc7 15. Be7 Rfe8 16. Bd6 Qd8 17. Rfd1 Nc8 18. Ba3 Qc7 19. Re1 c5 20. Rad1 Ne7 21. g4 Nc6 22. Qe4 Rac8 23. b3 Ndxe5 24. Nxe5 Bxe5 25. Bxc5 Red8 26. Rxd8+ Rxd8 27. b4 Bh2+ 28. Kh1 Bf4 29. b5 Na5 30. Bxa7 Nxc4 31. b6 Nxb6 32. Bxb6 Qxb6 33. Qxf4 Qa5 34. Re2 Qa6 35. Qe4 Rd1+ 36. Kh2 Qd6+ 37. f4 Qb6 38. Qe3 Qb1 39. Kg3 Rd3 40. a3 Qb3 41. Kf2 Rxe3 42. Rxe3 Qb2+ 43. Kg3 Qd2 44. Rf3 Qe1+ 45. Kh2 h5 46. g5 h4 47. Rb3 Qd2 48. Rf3 b6 49. Kg1 Kf8 50. Kf1 Qc1+ 51. Ke2 Ke7 52. Kf2 Qd2+ 53. Kg1 Kd6 54. Bf1 Qe1 55. Kg2 Kc5 56. Ba6 Qd1 57. Bf1 Qd2+ 58. Rf2 Qd5+ 59. Rf3 Qf5 60. Kf2 Qc2+ 61. Kg1 Qd1 62. Kg2 Qe1 63. Bd3 Kd4 64. Bf1 Qd2+ 65. Kg1 Qc1 66. Kf2 Ke4 67. Be2 Qd2 68. Rd3 Qxd3 69. Bxd3+ Kxd3 70. Kf3 Kc3 71. Kg4 Kb3 72. Kxh4 Kxa3 73. Kg4 b5 74. h4 b4 75. h5 gxh5+ 76. Kxh5 b3 77. Kh6 b2 78. Kg7 b1=Q 79. Kxf7 Qf5+ 80. Kg7 Qxf4 0-1

[Event "December 12 Early 2023"]
[Site "https://www.chess.com"]
[Date "2023.12.12"]
[Round "3"]
[White "Ratnesan, Ranesh"]
[Black "Bolat, Inayat"]
[Result "0-1"]
[Board "203"]
[TimeControl "180+1"]
[WhiteFideId "439339"]
[BlackFideId "13733125"]
[WhiteElo "2230"]
[BlackElo "2436"]
[WhiteTeam "ENG"]
[BlackTeam "KAZ"]
[WhiteClock "0:00:24"]
[BlackClock "0:01:11"]

1. d4 Nf6 2. c4 g6 3. Nf3 Bg7 4. g3 O-O 5. Bg2 d6 6. O-O c5 7. Nc3 Nc6 8. d5 Na5 9. Qd3 e6 10. e4 exd5 11. cxd5 a6 12. Bg5 h6 13. Bf4 b5 14. Rfe1 Re8 15. Rad1 b4 16. Nb1 Bd7 17. b3 Bb5 18. Qc2 Rc8 19. Nbd2 c4 20. bxc4 Nxc4 21. Nxc4 Rxc4 22. Qb1 Nxe4 23. Bf1 Nc3 24. Rxe8+ Qxe8 25. Qb3 Rxf4 26. Re1 Re4 27. Rxe4 Qxe4 0-1

[Event "December 12 Early 2023"]
[Site "https://www.chess.com"]
[Date "2023.12.12"]
[Round "3"]
[White "Mizzi, Jack"]
[Black "De Souza, Cristiano Gomes"]
[Result "1-0"]
[Board "204"]
[TimeControl "180+1"]
[WhiteFideId "5602521"]
[BlackFideId "2151758"]
[WhiteElo "2435"]
[BlackElo "2230"]
[WhiteTeam "MLT"]
[BlackTeam "BRA"]
[WhiteClock "0:01:51"]
[BlackClock "0:01:20"]

1. d4 Nf6 2. c4 g6 3. g3 Bg7 4. Bg2 O-O 5. Nf3 d6 6. O-O Nc6 7. Nc3 Bf5 8. d5 Na5 9. Nd2 c5 10. e4 Bg4 11. Qc2 Qd7 12. Re1 Bh3 13. Bh1 a6 14. b3 b5 15. Bb2 Rab8 16. Rab1 bxc4 17. Nxc4 Nxc4 18. bxc4 Ng4 19. Ne2 Rxb2 20. Rxb2 Bxb2 21. Qxb2 Ne5 22. Qc3 f5 23. f4 Ng4 24. e5 Rb8 25. Bg2 Qa4 26. Bxh3 1-0

[Event "December 12 Early 2023"]
[Site "https://www.chess.com"]
[Date "2023.12.12"]
[Round "3"]
[White "Palmer, Reegan"]
[Black "Bogaudinov, Rushan"]
[Result "0-1"]
[Board "205"]
[TimeControl "180+1"]
[WhiteFideId "14322145"]
[BlackFideId "4129288"]
[WhiteElo "2226"]
[BlackElo "2431"]
[WhiteTeam "RSA"]
[BlackTeam "RUS"]
[WhiteClock "0:00:04"]
[BlackClock "0:01:13"]

1. e4 a6 2. c4 c5 3. Nc3 e6 4. g3 h5 5. Bg2 h4 6. g4 Nc6 7. h3 Nf6 8. d3 Be7 9. Nge2 d5 10. cxd5 exd5 11. g5 Nh5 12. exd5 Nd4 13. f4 O-O 14. Nxd4 cxd4 15. Qxh5 dxc3 16. O-O Bf5 17. Qxh4 Bc5+ 18. Kh2 Re8 19. Re1 Qb6 20. bxc3 Bf2 21. Rxe8+ Rxe8 22. Qh5 Re1 23. d4 Bg1+ 24. Kg3 Qa5 25. Qf3 Be4 26. Qxe4 Rxe4 27. Bxe4 Qxc3+ 28. Bf3 Qxa1 29. Ba3 Qxa2 30. Be7 Qf2+ 31. Kg4 Qxd4 32. d6 Be3 33. Kg3 Bxf4+ 34. Kg2 Bxd6 0-1

[Event "December 12 Early 2023"]
[Site "https://www.chess.com"]
[Date "2023.12.12"]
[Round "3"]
[White "Kuchava, Ana"]
[Black "Osinovsky, Stepan"]
[Result "0-1"]
[Board "206"]
[TimeControl "180+1"]
[WhiteFideId "13605348"]
[BlackFideId "4157354"]
[WhiteElo "2214"]
[BlackElo "2413"]
[WhiteTeam "GEO"]
[BlackTeam "RUS"]
[WhiteClock "0:00:00"]
[BlackClock "0:00:05"]

1. d4 Nf6 2. Nf3 g6 3. c4 Bg7 4. Nc3 O-O 5. e4 d6 6. Be2 e5 7. O-O Nbd7 8. Re1 a5 9. Be3 Ng4 10. Bg5 Bf6 11. Bxf6 Ngxf6 12. Qd2 Re8 13. Bf1 c6 14. Rad1 Qb6 15. b3 Kg7 16. h3 Nf8 17. Qe3 Qc7 18. c5 exd4 19. Qxd4 dxc5 20. Qxc5 Ne6 21. Qc4 b5 22. Qe2 b4 23. Na4 Nf4 24. Qc2 Be6 25. Rc1 Bd7 26. Bc4 Bxh3 27. gxh3 Nxh3+ 28. Kf1 Qf4 29. Qd3 Ng4 30. Qd7 Qxf3 31. Qxf7+ Qxf7 32. Bxf7 Kxf7 33. Rxc6 Nhxf2 34. Rc7+ Re7 35. Rc6 Rae8 36. Nc5 h5 37. Ra6 h4 38. Rxa5 h3 39. Nd3 Nxd3 0-1